 Dungeon Crawl Stone Soup version 0.28-a0-381-g937acc2988 (webtiles) character file.

Game seed: 579687912669941980

39 SolCadguy the Charlatan (level 3, -1/26 HPs)
             Began as a Demonspawn Artificer on Sept 2, 2021.
             Slain by Natasha (7 damage)
             ... on level 2 of the Dungeon.
             The game lasted 00:03:21 (1864 turns).

SolCadguy the Charlatan (Demonspawn Artificer)      Turns: 1864, Time: 00:03:21

Health: -1/26      AC:  3    Str: 13    XL:     3   Next: 28%
Magic:  3/3        EV: 11    Int: 12    God:
Gold:   69         SH:  0    Dex: 13    Spells: 2/2 levels left

rFire   . . .      SeeInvis .   h - +0 dagger
rCold   . . .      Faith    .   (no shield)
rNeg    . . .      Spirit   .   b - +0 leather armour
rPois   .          Reflect  .   (helmet restricted)
rElec   .          Harm     .   (no cloak)
rCorr   .          Rampage  .   (no gloves)
Will    .....                   (no boots)
Stlth   +.........              (no amulet)
HPRegen 0.08/turn               (no ring)
MPRegen 0.08/turn               (no ring)

@: slowed, very slow
A: horns 2
a: no special abilities


You were on level 2 of the Dungeon.
You visited 1 branch of the dungeon, and saw 2 of its levels.

You collected 69 gold pieces.

Inventory:

Hand Weapons
 a - a +0 club
 h - a +0 dagger (weapon)
Missiles
 i - 62 stones
Armour
 b - a +0 leather armour (worn)
 o - a +0 ring mail
Jewellery
 l - an amulet of the acrobat
Wands
 c - a wand of flame (9) (quivered)
 d - a wand of charming (15)
Scrolls
 k - a scroll of magic mapping {unknown}
 m - a scroll of blinking {unknown}
 n - 3 scrolls of identify {unknown}
 q - a scroll of enchant weapon {unknown}
Potions
 f - a potion of flight {unknown}
 g - 3 potions of haste {unknown}
 j - a potion of curing {unknown}
 p - a potion of attraction {unknown}
Miscellaneous
 e - a piece from Xom's chessboard (15/15)


   Skills:
 - Level 1.0 Fighting
 + Level 1.1 Short Blades
 - Level 1.7 Armour
 - Level 0.8 Dodging
 - Level 0.8 Stealth
 - Level 4.1 Evocations


You had 2 spell levels left.
You didn't know any spells.
Your spell library contained the following spells:

 Spells                   Type           Power      Damage    Failure   Level
 Portal Projectile        Hex/Tloc       0%         N/A       77%         3
 Blade Hands              Tmut           0%         N/A       100%        5
 Excruciating Wounds      Necr           0%         N/A       100%        5


Dungeon Overview and Level Annotations

Branches:
Dungeon (2/15)

Altars:

Shops:
D:1 :

Annotations:
D:2 Natasha


Innate Abilities, Weirdness & Mutations

You have a pair of horns on your head.


Message History

A goblin comes into view. It is wielding a +0 dagger.
The goblin shouts!
You hear an angry hiss.
The rat bites you but does no damage.
You hit the rat.
The rat is moderately wounded.
The rat bites you but does no damage.
You hit the rat.
The rat is severely wounded.
The rat bites you but does no damage.
You hit the goblin. You headbutt the goblin.
You kill the goblin!
You closely miss the rat.
The rat is severely wounded.
The rat closely misses you.
You barely miss the rat.
The rat is severely wounded.
The rat bites you.
You hit the rat.
You kill the rat!
p - a green potion You now have 69 gold pieces (gained 5).
Things that are here:
a +0 dagger; a rat corpse; a goblin corpse
q - a scroll labelled RUFE ZUUTUWEA
There are no items here.
Natasha, Servant of Life and Death comes into view.
Natasha hisses angrily.
Natasha drinks a potion.
Natasha flickers and vanishes!
Deactivating autopickup; reactivate with Ctrl-A.
No target in view!
You hear some strange, mumbled words.
You feel yourself slow down.
Aiming: Throw Flame
Press: ? - help, Shift-Dir - straight line Something completely misses you.
You hit something. Something claws you!
You closely miss something. Something claws you. Something claws you!
* * * LOW HITPOINT WARNING * * *
You closely miss something. Something claws you!
You die...

#.# #.# #.# # . #.#
##### .#.# #.# #...
....
###.#####.####..###
#...##............. ..
#.................. .#
#..........@....# .#
##.###.##.####..... .#
#)# #.^...#....... .#
#.#
#.##..#.#....#####.#
#†# #.##..#.#
.........# #.#
#.##..#.####.####<<# #
#.#
#...............#.##.#
#.#
#..................#.#
##.#
####..###.........#


There were no monsters in sight!

Vanquished Creatures
  An adder (D:2)
  A worm (D:2)
  2 endoplasms
  5 goblins
  2 jackals (D:2)
  2 quokkas
  4 ball pythons
  2 bats (D:2)
  A frilled lizard (D:1)
  7 rats
27 creatures vanquished.

Notes
Turn   | Place    | Note
-------+----------+-------------------------------------------
     0 | D:1      | SolCadguy the Demonspawn Artificer began the quest for the
                  | Orb.
     0 | D:1      | Reached XP level 1. HP: 15/15 MP: 1/1
   694 | D:1      | Gained mutation: You have a pair of small horns on your
                  | head. [demonic ancestry]
   694 | D:1      | Reached XP level 2. HP: 21/21 MP: 2/2
   767 | D:1      | Found Folielib's Book Boutique.
  1392 | D:2      | Reached skill level 4 in Evocations
  1741 | D:2      | Reached skill level 1 in Short Blades
  1741 | D:2      | Gained mutation: You have a pair of horns on your head.
                  | [demonic ancestry]
  1741 | D:2      | Reached XP level 3. HP: 19/26 MP: 3/3
  1857 | D:2      | Noticed Natasha
  1864 | D:2      | Slain by Natasha

Illustrated notes

Levels and vault maps discovered:
D:1:      dpeg_arrival_rooms_b, layout_basic, serial_shops,
          nicolae_shop_statue_plus
D:2:      layout_loops_ring, uniq_natasha

Skill      XL: |  1  2 |
---------------+-------+-----
Evocations     | 4 |  4.1
Short Blades   | 1 |  1.1
Fighting       | |  1.0
Armour         | |  1.7
Dodging        | |  0.8
Stealth        | |  0.8

Action                   || total
-------------------------++-------
Melee: Club              ||    18
       Dagger            ||    76
       Headbutt          ||     7
Evoke: Wand              ||     6
 Stab: Sleeping          ||     5
Armor: Leather armour    ||    22
Dodge: Dodged            ||    55

Table legend: (Time is in decaauts)
 A = Elapsed time spent in this place.
 B = Non-inter-level travel time spent in this place.
 C = Inter-level travel time spent in this place.
 D = Time resting spent in this place.
 E = Time spent auto-exploring this place.
 F = Levels seen in this place.
 G = Mean time per level.
                   A        B        C        D        E       F      G
               +--------+--------+--------+--------+--------+-----+--------+
         Total |   1869 |   1834 |     35 |    412 |   1143 |   2 |  934.5 |
       Dungeon |   1869 |   1834 |     35 |    412 |   1143 |   2 |  934.5 |
               +--------+--------+--------+--------+--------+-----+--------+

Top non-repeatable levels by time:
     D:1: 1240 daAuts
     D:2: 628 daAuts
